 Dungeon Crawl Stone Soup version 0.29-a0-371-g91724d5b39 (webtiles) character file.

Game seed: 7962284586828665748

12042 sammy202020 the Fighter (level 11, -9/93 HPs)
             Began as a Demonspawn Berserker on May 2, 2022.
             Was an Elder of Trog.
             Mangled by a komodo dragon (27 damage)
             ... on level 10 of the Dungeon.
             The game lasted 00:16:39 (10201 turns).

sammy202020 the Fighter (Demonspawn Berserker)     Turns: 10201, Time: 00:16:41

Health: -9/93      AC: 24    Str: 18    XL:     11   Next: 57%
Magic:  11/11      EV:  9    Int: 13    God:    Trog [****..]
Gold:   764        SH:  5    Dex: 20    Spells: 10/10 levels left

rFire   . . .      SeeInvis .   x - +0 broad axe
rCold   + . .      Faith    .   (no shield)
rNeg    + . .      Spirit   .   f - +1 plate armour
rPois   +          Reflect  +   v - +2 hat
rElec   .          Harm     .   M - +1 cloak {rPois}
rCorr   .          Rampage  .   (no gloves)
Will    +++..      Clarity  +   F - +2 pair of boots
Stlth   ..........              b - amulet of reflection
HPRegen 1.25/turn               c - ring "Jyta" {rPois rN+ Will+ Dex+6}
MPRegen 0.12/turn               t - ring of protection from cold

@: mighty, strong-willed, on berserk cooldown, regenerating, studying Throwing
A: horns 2, icy blue scales 2, powered by death 2, spiny 2, agile 1, clarity
a: Renounce Religion, Berserk, Trog's Hand, Brothers in Arms


You were on level 10 of the Dungeon.
You worshipped Trog.
Trog was greatly pleased with you.
You visited 1 branch of the dungeon, and saw 10 of its levels.

You collected 872 gold pieces.
You spent 108 gold pieces at shops.

Inventory:

Hand Weapons
 e - a +4 battleaxe of freezing
 n - a +0 flail
 s - a +0 war axe
 x - a +0 broad axe (weapon)
 J - a +2 mace
Missiles
 y - 6 boomerangs (quivered)
 A - 2 silver boomerangs
 K - 5 javelins
Armour
 f - a +1 plate armour (worn)
 v - a +2 hat (worn)
 F - a +2 pair of boots (worn)
 G - a +0 chain mail of cold resistance
 M - a +1 cloak of poison resistance (worn)
Jewellery
 b - an amulet of reflection (around neck)
 c - the ring "Jyta" (left hand) {rPois rN+ Will+ Dex+6}
   (You acquired it on level 3 of the Dungeon)

   [ring of dexterity]

   Dex:       It affects your dexterity (+6).
   rPois:     It protects you from poison.
   rN:        It protects you from negative energy.
   Will:      It increases your willpower.
 d - a ring of protection from fire
 r - a ring of magical power
 t - a ring of protection from cold (right hand)
 I - an amulet of magic regeneration
Wands
 i - a wand of digging (10)
 u - a wand of iceblast (2)
 C - a wand of flame (34)
 L - a wand of paralysis (3)
Scrolls
 m - a scroll of amnesia
 z - a scroll of fog
 E - 3 scrolls of teleportation
Potions
 a - a potion of ambrosia {unknown}
 g - 2 potions of brilliance
 h - 4 potions of lignification
 k - a potion of mutation
 o - 2 potions of flight
 p - 4 potions of resistance
 q - 2 potions of attraction
 w - a potion of degeneration {unknown}
 B - 2 potions of haste {unknown}
 D - 4 potions of curing


   Skills:
 * Level 11.3 Fighting
 * Level 10.3 Axes
 + Level 7.1 Armour
 + Level 7.1 Dodging


You had 10 spell levels left.
You didn't know any spells.
Your spell library was empty.

Dungeon Overview and Level Annotations

Branches:
Dungeon (10/15)            Temple (0/1) D:7            Lair (0/6) D:9
    Orc: D:9-12

Altars:
Dithmenos
Fedhas
Gozag
Makhleb
Nemelex Xobeh
Okawaru
Ru
Sif Muna
Trog
Uskayaw
Vehumet
Yredelemnul

Shops:
D:6 :   D:8 (

Annotations:
D:10 NateTC's ghost, journeyman MiFi; Urug


Innate Abilities, Weirdness & Mutations

You have a pair of horns on your head.
You are mostly covered in icy blue scales. (AC +3)
You regenerate health from kills.
You are mostly covered in sharp spines.
You are agile. (Dex +2)
You possess an exceptional clarity of mind.


Message History

* * * LOW HITPOINT WARNING * * *
The moth of wrath is struck by your spines.
The moth of wrath barely misses you.
NateTC's ghost is struck by your spines.
NateTC's ghost hits you but does no damage.
The komodo dragon barely misses your kobold.
Unknown command.
You hit NateTC's ghost.
NateTC's ghost is lightly damaged.
You slash the komodo dragon! You slash the moth of wrath! You hit the yak.
The komodo dragon bites you but does no damage.
The moth of wrath goads the yak on!
The yak goes berserk!
Your wyvern barely misses the komodo dragon.
The yak gores you.
* * * LOW HITPOINT WARNING * * *
NateTC's ghost hits you but does no damage.
You block the komodo dragon's attack.
The komodo dragon barely misses your kobold.
Your kobold closely misses the moth of wrath.
Your two-headed ogre hits the yak with a +0 giant club!!!
Your two-headed ogre hits the yak with a +0 giant club!!
The yak dies!
Trog accepts your kill.
Your kobold brigand hits the komodo dragon but does no damage.
Your kobold hits the komodo dragon but does no damage.
Your kobold barely misses the komodo dragon.
You feel very mighty all of a sudden.
Your wyvern bites the komodo dragon.
The moth of wrath is struck by your spines.
The moth of wrath bites you.
* * * LOW HITPOINT WARNING * * *
The komodo dragon is struck by your spines.
The komodo dragon bites you.
* * * LOW HITPOINT WARNING * * *
NateTC's ghost hits you but does no damage.
The komodo dragon misses your kobold.
Your wyvern bites the komodo dragon!
Your kobold barely misses the komodo dragon. x3
Your kobold brigand closely misses the komodo dragon.
The moth of wrath barely misses you. The komodo dragon bites you!!
You die...

+..o..........
####...##..######.
#).............
#..####.©.####.
#.## .##### # #..
..![[$l ..#
#.##.##.KH###....
#.#.....#lyKK.#.#
#. ##.W@Kl# #
#.#....O†#lK#
##...#. K#... #..
.# .. ..# ## ##
### ## .. #


You could see a manticore, a moth of wrath, 2 komodo dragons, NateTC's ghost
(ally target), a friendly two-headed ogre (summoned), a friendly wyvern
(summoned), a friendly kobold brigand (summoned) and 5 friendly kobolds.

Vanquished Creatures
  5 two-headed ogres
  3 death yaks (D:9)
  Lodul (D:10)
  A cyclops (D:9)
  A manticore (D:9)
  Maurice (D:10)
  Grinder (D:6)
  A hornet (D:8)
  A wraith (D:7)
  8 yaks (D:9)
  A steam dragon (D:8)
  2 water moccasins
  An acid dragon (D:8)
  Duvessa (D:7)
  A black bear (D:6)
  5 ogres
  A sky beast (D:7)
  3 centaurs
  A kobold brigand (D:8)
  A gnoll sergeant (D:6)
  4 necrophages (D:5)
  2 bullfrogs
  4 scorpions
  8 wights
  Dowan (D:7)
  4 howler monkeys
  2 bullfrog zombies (D:5)
  4 hounds
  3 jellies
  2 orc priests
  6 iguanas
  Natasha (thrice) (D:3)
  15 orc wizards
  A hell rat (D:9)
  A hound zombie (D:5)
  8 adders
  7 gnolls
  A river rat (D:9)
  A shadow imp (D:6)
  A white imp (D:8)
  4 ufetubi
  2 worms
  2 dart slugs
  36 orcs
  13 endoplasms
  2 giant cockroaches (D:2)
  6 goblins
  7 hobgoblins
  A jackal (D:4)
  2 quokkas
  8 ball pythons
  3 bats
  3 frilled lizards (D:1)
  10 kobolds
  8 rats
  A bush (D:5)
226 creatures vanquished.

Vanquished Creatures (collateral kills)
  A yak (D:10)
1 creature vanquished.

Vanquished Creatures (others)
  A quokka (D:9)
  A bush (D:5)
  3 fungi (D:6)
  12 plants (D:5)
17 creatures vanquished.

Grand Total: 244 creatures vanquished

Notes
Turn   | Place    | Note
-------+----------+-------------------------------------------
     0 | D:1      | sammy202020 the Demonspawn Berserker began the quest for
                  | the Orb.
     0 | D:1      | Reached XP level 1. HP: 18/18 MP: 1/1
   545 | D:1      | Gained mutation: You are partially covered in icy blue
                  | scales. (AC +2) [demonic ancestry]
   545 | D:1      | Reached XP level 2. HP: 15/24 MP: 2/2
  1251 | D:2      | Gained mutation: You have a pair of small horns on your
                  | head. [demonic ancestry]
  1251 | D:2      | Reached XP level 3. HP: 14/29 MP: 3/3
  1802 | D:2      | Found an iron altar of Okawaru.
  2047 | D:2      | Gained mutation: You are partially covered in sharp spines.
                  | [demonic ancestry]
  2047 | D:2      | Reached XP level 4. HP: 19/37 MP: 4/4
  2582 | D:3      | Noticed Natasha
  2588 | D:3      | Killed Natasha
  2589 | D:3      | Reached skill level 4 in Fighting
  2645 | D:3      | Reached XP level 5. HP: 21/42 MP: 5/5
  2918 | D:3      | Noticed Natasha
  2926 | D:3      | Killed Natasha
  2994 | D:3      | Reached ** piety under Trog
  3050 | D:3      | Found a bloodstained altar of Trog.
  3062 | D:3      | Identified a scroll of acquirement
  3062 | D:3      | Acquired the ring "Jyta" {rPois rN+ Will+ Dex+6}
  3138 | D:3      | Found a shadowy altar of Dithmenos.
  3365 | D:3      | Noticed Natasha
  3372 | D:3      | Killed Natasha
  3508 | D:3      | Found a faded altar of an unknown god.
  3819 | D:4      | Gained mutation: You regenerate a little health from kills.
                  | [demonic ancestry]
  3819 | D:4      | Reached XP level 6. HP: 46/49 MP: 6/6
  4024 | D:4      | Reached skill level 5 in Fighting
  4318 | D:4      | Noticed a two-headed ogre
  4330 | D:4      | Killed a two-headed ogre
  4331 | D:4      | Reached skill level 6 in Fighting
  4331 | D:4      | Reached skill level 5 in Axes
  4331 | D:4      | Reached XP level 7. HP: 38/58 MP: 7/7
  4331 | D:4      | Gained mutation: You are mostly covered in sharp spines.
                  | [demonic ancestry]
  4331 | D:4      | Reached XP level 8. HP: 42/64 MP: 8/8
  4487 | D:5      | Entered Level 5 of the Dungeon
  4565 | D:5      | Found a blossoming altar of Fedhas.
  4672 | D:5      | Reached *** piety under Trog
  4919 | D:5      | Found a sacrificial altar of Ru.
  5093 | D:5      | Found a shimmering blue altar of Sif Muna.
  5233 | D:5      | Reached skill level 7 in Fighting
  5734 | D:6      | Gained mutation: You regenerate health from kills. [demonic
                  | ancestry]
  5734 | D:6      | Reached XP level 9. HP: 72/72 MP: 9/9
  5779 | D:6      | Found an iron altar of Okawaru.
  5932 | D:6      | Noticed Grinder
  5933 | D:6      | Found Bealykla's Book Shop.
  5934 | D:6      | Paralysed by Grinder for 3 turns
  5943 | D:6      | Paralysed by Grinder for 7 turns
  5949 | D:6      | Killed Grinder
  5973 | D:6      | Reached skill level 8 in Fighting
  6015 | D:6      | Found an opulent altar of Gozag.
  6022 | D:6      | Reached skill level 5 in Armour
  6216 | D:6      | Reached **** piety under Trog
  6373 | D:7      | Found a staircase to the Ecumenical Temple.
  6386 | D:7      | Reached skill level 5 in Dodging
  6637 | D:7      | Noticed Dowan
  6638 | D:7      | Noticed Duvessa
  6650 | D:7      | Killed Duvessa
  6656 | D:7      | Killed Dowan
  6797 | D:7      | Found a sparkling altar of Nemelex Xobeh.
  7293 | D:8      | Found Uweamacw's Antique Weapon Shoppe.
  7300 | D:8      | Bought a broad axe for 108 gold pieces
  7515 | D:8      | Reached skill level 9 in Fighting
  7515 | D:8      | Gained mutation: You have a pair of horns on your head.
                  | [demonic ancestry]
  7515 | D:8      | Reached XP level 10. HP: 66/83 MP: 10/10
  7792 | D:8      | Noticed a +0 dagger
  7793 | D:8      | Noticed a +0 hand axe
  7795 | D:8      | Found a hide-covered altar of Uskayaw.
  8470 | D:9      | Gained mutation: You are agile. (Dex +2) [potion of
                  | mutation]
  8470 | D:9      | Gained mutation: You possess an exceptional clarity of
                  | mind. [potion of mutation]
  8512 | D:9      | Found a basalt altar of Yredelemnul.
  8569 | D:9      | Noticed a death yak
  8570 | D:9      | Noticed a death yak
  8572 | D:9      | Noticed a death yak
  8572 | D:9      | Noticed a cyclops
  8611 | D:9      | Killed a death yak
  8613 | D:9      | Killed a death yak
  8614 | D:9      | Reached skill level 10 in Fighting
  8625 | D:9      | Killed a death yak
  8719 | D:9      | Found a burning altar of Makhleb.
  8855 | D:9      | Found a radiant altar of Vehumet.
  8857 | D:9      | Found a staircase to the Lair.
  8873 | D:9      | Reached ***** piety under Trog
  9025 | D:9      | Killed a cyclops
  9026 | D:9      | Gained mutation: You are mostly covered in icy blue scales.
                  | (AC +3) [demonic ancestry]
  9026 | D:9      | Reached XP level 11. HP: 51/92 MP: 11/11
  9768 | D:10     | Entered Level 10 of the Dungeon
  9768 | D:10     | Noticed a two-headed ogre
  9769 | D:10     | Noticed Lodul
  9769 | D:10     | Noticed Maurice
  9769 | D:10     | Noticed a two-headed ogre
  9770 | D:10     | Noticed a two-headed ogre
  9781 | D:10     | Killed a two-headed ogre
  9787 | D:10     | Killed Lodul
  9795 | D:9      | Killed a two-headed ogre
  9796 | D:9      | Reached skill level 11 in Fighting
  9796 | D:9      | Reached skill level 10 in Axes
 10148 | D:10     | Killed a two-headed ogre
 10152 | D:10     | Killed Maurice
 10175 | D:10     | Noticed a two-headed ogre
 10176 | D:10     | Found a transporter.
 10185 | D:10     | Killed a two-headed ogre
 10189 | D:10     | Noticed NateTC's ghost (journeyman MiFi)
 10193 | D:10     | Noticed Urug
 10197 | D:10     | HP: 4/93 [komodo dragon (23)]
 10201 | D:10     | Mangled by a komodo dragon

Illustrated notes

Levels and vault maps discovered:
D:1:      giann_forest_graveyard, layout_loops_ring
D:2:      layout_loops_ring, basic_altar, guppyfry_early_orc_mine
D:3:      layout_basic, nicolae_dithmenos_the_darkroom,
          mainiacjoe_overflow_catwalk, shapermc_ecumenical_altar_notcrosses,
          serial_glass, glass_columns_a, glass_columns_c, glass_columns_b,
          glass_columns_a, glass_columns_c, glass_columns_c, uniq_natasha
D:4:      layout_loops_ring, nzn_random_ring
D:5:      layout_basic, mainiacjoe_overflow_24_doors, marbit_many_paths,
          fedhas_altar_decomposition, nrook_campfire, guppyfry_early_lair_pool
D:6:      layout_basic, mainiacjoe_overflow_chevrons, kennysheep_mini,
          serial_shops, shop, lemuel_another_geyser, uniq_grinder
D:7:      layout_loops_ring, nemelex_dance_club_becter,
          minmay_temple_entry_slanted, uniq_duvessa
D:8:      layout_loops_ring, dancing_weapons_uskayaw, serial_shops, shop,
          minmay_misc_feat_hallway, eino_tiny_chamber
D:9:      layout_long_grid, old_standard_altar, fiery_altar_vehumet,
          mainiacjoe_overflow_six_doors_small, dpeg_lair_monsters
D:10:     layout_loops_corners, cheibriados_altar_1,
          gammafunk_ghost_berserking_beasts, uniq_urug, uniq_fannar, uniq_lodul,
          uniq_maurice

Skill      XL: |  1  2  3  4  5  6  7  8  9 10 11 |
---------------+----------------------------------+-----
Armour         | 2 3 4 5 6 7 |  7.1
Axes           | 3 4 5 6 8 9 10 | 10.3
Dodging        | 2 3 4 5 6 7 |  7.1
Fighting       | 4 6 7 9 10 11 | 11.3

Action                   |  1- 3 |  4- 6 |  7- 9 | 10-12 || total
-------------------------+-------+-------+-------+-------++-------
Melee: Hand axe          |   109 |    66 |       |       ||   175
       Headbutt          |     6 |    17 |    34 |    33 ||    90
       Punch             |       |     1 |     4 |     2 ||     7
       War axe           |       |    38 |   160 |       ||   198
       Broad axe         |       |       |    16 |   165 ||   181
Throw: Boomerang         |       |       |    74 |       ||    74
Invok: Berserk           |       |     2 |     2 |     3 ||     7
       Trog's Hand       |       |       |     2 |     3 ||     5
  Use: Scroll            |       |     7 |     9 |     3 ||    19
       Potion            |       |       |       |     5 ||     5
Armor: Animal skin       |     2 |       |       |       ||     2
       Plate armour      |    53 |    82 |   137 |    93 ||   365
Dodge: Dodged            |    29 |    25 |    66 |    60 ||   180
Block: Other             |       |       |       |    31 ||    31
       Reflection        |       |       |       |     1 ||     1

Table legend: (Time is in decaauts)
 A = Elapsed time spent in this place.
 B = Non-inter-level travel time spent in this place.
 C = Inter-level travel time spent in this place.
 D = Time resting spent in this place.
 E = Time spent auto-exploring this place.
 F = Levels seen in this place.
 G = Mean time per level.
                   A        B        C        D        E       F      G
               +--------+--------+--------+--------+--------+-----+--------+
         Total |  10381 |  10258 |    123 |   1342 |   7099 |  10 | 1038.1 |
       Dungeon |  10381 |  10258 |    123 |   1342 |   7099 |  10 | 1038.1 |
               +--------+--------+--------+--------+--------+-----+--------+

Top non-repeatable levels by time:
     D:9: 1815 daAuts
     D:2: 1320 daAuts
     D:5: 1288 daAuts
     D:1: 1245 daAuts
     D:3: 1177 daAuts
     D:8: 1142 daAuts
     D:7: 893 daAuts
     D:4: 803 daAuts
     D:6: 599 daAuts
    D:10: 94 daAuts
